 Dungeon Sprint DCSS version 0.29-a0-409-gd843f3a48c (webtiles) character file.

Game seed: 13567139710477182898

2210 mhtbhm the Severer (level 9, -8/93 HPs)
             Began as a Minotaur Berserker on May 14, 2022.
             Was a High Priest of Trog.
             Succumbed to poison (poison gas)
             ... in the Dungeon (Sprint VII: "The Pits").
             The game lasted 00:02:13 (1325 turns).

mhtbhm the Severer (Minotaur Berserker)             Turns: 1325, Time: 00:02:13

Health: -8/93      AC: 15    Str: 25    XL:     9   Next: 13%
Magic:  8/8        EV: 14    Int:  7    God:    Trog [*****.]
Gold:   0          SH:  0    Dex: 14    Spells: 8/8 levels left

rFire   . . .      SeeInvis .   a - +1 battleaxe (vorpal)
rCold   . . .      Faith    .   (shield currently unavailable)
rNeg    . . .      Spirit   .   b - +4 scale mail
rPois   .          Reflect  .   (helmet restricted)
rElec   .          Harm     .   k - +0 cloak
rCorr   .          Rampage  .   o - +0 pair of gloves
Will    .....      NoTele   +   (no boots)
Stlth   ..........              (no amulet)
HPRegen 0.25/turn               l - +3 ring of intelligence
MPRegen 0.11/turn               m - +3 ring of dexterity

@: lethally poisoned (-8 -> -37), on berserk cooldown, slowed, very slow
A: horns 2, retaliatory headbutt
a: Renounce Religion, Berserk, Trog's Hand, Brothers in Arms


You were in the Dungeon.
You worshipped Trog.
Trog was extremely pleased with you.
You visited 1 branch

Inventory:

Hand Weapons
 a - a +1 vorpal battleaxe (weapon)
 p - a +6 broad axe
Armour
 b - a +4 scale mail (worn)
 k - a +0 cloak (worn)
 o - a +0 pair of gloves (worn)
Jewellery
 l - a +3 ring of intelligence (left hand)
 m - a +3 ring of dexterity (right hand)
Scrolls
 h - a scroll of blinking
 j - a scroll of summoning
Potions
 c - 6 potions of curing
 d - 9 potions of heal wounds
 e - 3 potions of haste
 f - 4 potions of magic
 g - 2 potions of berserk rage
 i - 2 potions of invisibility
 n - a potion of mutation


   Skills:
 + Level 13.5 Fighting
 + Level 16.1 Axes
 + Level 10.5 Armour
 + Level 8.6 Dodging
 + Level 0.8 Stealth


You had 8 spell levels left.
You didn't know any spells.
Your spell library was empty.

Dungeon Overview and Level Annotations

Branches:
Dungeon (1/1)

Altars:
Ashenzari
Cheibriados
Dithmenos
Elyvilon
Fedhas
Gozag
Hepliaklqana
Kikubaaqudgha
Makhleb
Nemelex Xobeh
Okawaru
Qazlal
Ru
Sif Muna
Trog
Uskayaw
Vehumet
Wu Jian
Xom
Yredelemnul
Zin
The Shining One
Beogh
Jiyva
Lugonu


Innate Abilities, Weirdness & Mutations

You have a pair of horns on your head.
You reflexively headbutt those who attack you in melee.


Message History

You are engulfed in poison gas.
You are lethally poisoned!
* * * LOW HITPOINT WARNING * * *
You feel very sick.
You slice the swamp dragon!!
You kill the swamp dragon!
Trog accepts your kill.
The swamp dragon scales are intact enough to wear.
You are engulfed in poison gas.
You are more poisoned.
* * * LOW HITPOINT WARNING * * *
You feel extremely sick.
The hell hound is engulfed in poison gas.
The hell hound is poisoned.
Your Axes skill increases to level 16!
Your Armour skill increases to level 10!
You have reached level 9!
Your experience leads to an increase in your attributes!
Your base attributes are Str 23, Int 4, Dex 11.
Increase (S)trength, (I)ntelligence, or (D)exterity?
You feel stronger. x2
* * * LOW HITPOINT WARNING * * *
You feel extremely sick.
The hell hound is engulfed in poison gas.
The hell hound looks even sicker.
You feel a strong urge to attack something.
* * * LOW HITPOINT WARNING * * *
You feel very sick.
The hell hound is engulfed in poison gas.
The hell hound is poisoned.
There is a huge open gate here.
You are no longer berserk.
You are exhausted.
You feel yourself slow down.
* * * LOW HITPOINT WARNING * * *
You feel very sick.
The hell hound is engulfed in poison gas.
The hell hound looks even sicker.
There is a huge open gate leading to the Armoury (Hard) here.
You die...

##########++##########
#................##..#
#......#..#......##..#
#................''..#
'...............@''°°########
#......#..#......##..hh.°....
#................##...°°.....
####'#####++#################
#.......# #.......# #.......#
#...<...# #.......#


You could see 2 hell hounds.

Vanquished Creatures
  A swamp dragon (D)
  A rime drake (D)
  A flying skull (D)
  A warg (D)
  4 vampire mosquitoes (D)
  A black bear (D)
  An ice beast (D)
  2 sky beasts (D)
  A scorpion (D)
  A hound (D)
  An orc priest (D)
  Crazy Yiuf (D)
  An iron imp (D)
  2 orc wizards (D)
  2 gnolls (D)
  A river rat (D)
  A white imp (D)
  An ufetubus (D)
  3 orcs (D)
  2 ball pythons (D)
  7 jackals (D)
  A quokka (D)
37 creatures vanquished.

Notes
Turn   | Place    | Note
-------+----------+-------------------------------------------
     0 | D        | mhtbhm the Minotaur Berserker began the quest for the Orb.
     0 | D        | Reached XP level 1. HP: 19/19 MP: 0/0
    11 | D        | Noticed a scorpion
    15 | D        | Killed a scorpion
    16 | D        | Reached skill level 6 in Axes
    16 | D        | Reached XP level 2. HP: 22/31 MP: 1/1
    16 | D        | Reached XP level 3. HP: 27/38 MP: 2/2
    20 | D        | Found a bloodstained altar of Trog.
    20 | D        | Found a shimmering blue altar of Sif Muna.
    20 | D        | Found a viscous altar of Jiyva.
    20 | D        | Found a hazy altar of Hepliaklqana.
    20 | D        | Found an opulent altar of Gozag.
    21 | D        | Found a glowing golden altar of the Shining One.
    21 | D        | Found a glowing silver altar of Zin.
    21 | D        | Found a basalt altar of Yredelemnul.
    21 | D        | Found a shimmering altar of Xom.
    21 | D        | Found an ornate altar of the Wu Jian Council.
    21 | D        | Found a sacrificial altar of Ru.
    21 | D        | Found a stormy altar of Qazlal.
    21 | D        | Found an iron altar of Okawaru.
    21 | D        | Found a sparkling altar of Nemelex Xobeh.
    21 | D        | Found a burning altar of Makhleb.
    21 | D        | Found a blossoming altar of Fedhas.
    21 | D        | Found a white marble altar of Elyvilon.
    21 | D        | Found a shadowy altar of Dithmenos.
    21 | D        | Found a snail-covered altar of Cheibriados.
    23 | D        | Found a radiant altar of Vehumet.
    23 | D        | Found a corrupted altar of Lugonu.
    24 | D        | Found a hide-covered altar of Uskayaw.
    24 | D        | Found an ancient bone altar of Kikubaaqudgha.
    24 | D        | Found a broken altar of Ashenzari.
   186 | D        | Reached ** piety under Trog
   353 | D        | Noticed a sky beast
   355 | D        | Reached *** piety under Trog
   356 | D        | Reached skill level 7 in Axes
   356 | D        | Reached XP level 4. HP: 39/47 MP: 3/3
   367 | D        | Killed a sky beast
   368 | D        | Reached skill level 9 in Axes
   368 | D        | Reached XP level 5. HP: 45/56 MP: 4/4
   503 | D        | Reached **** piety under Trog
   510 | D        | Reached skill level 5 in Armour
   510 | D        | Reached skill level 5 in Dodging
   516 | D        | Reached ***** piety under Trog
   517 | D        | Reached skill level 10 in Axes
   517 | D        | Reached XP level 6. HP: 43/66 MP: 5/5
   517 | D        | Received a gift from Trog
   526 | D        | Reached skill level 10 in Fighting
   705 | D        | Noticed an ice beast
   708 | D        | Killed an ice beast
   709 | D        | Reached skill level 11 in Axes
   752 | D        | Noticed a sky beast
   759 | D        | Killed a sky beast
   759 | D        | Received a gift from Trog
   866 | D        | Noticed a warg
   866 | D        | Noticed Crazy Yiuf
   878 | D        | Killed Crazy Yiuf
   879 | D        | Reached skill level 12 in Axes
   879 | D        | Reached XP level 7. HP: 66/74 MP: 6/6
   883 | D        | Reached skill level 13 in Axes
   977 | D        | Noticed a flying skull
   977 | D        | Noticed a vampire mosquito
   977 | D        | Noticed a vampire mosquito
   977 | D        | Noticed a vampire mosquito
   977 | D        | Noticed a vampire mosquito
   984 | D        | Killed a vampire mosquito
   986 | D        | Killed a vampire mosquito
   987 | D        | Reached XP level 8. HP: 39/83 MP: 7/7
   988 | D        | Reached skill level 14 in Axes
   991 | D        | Killed a flying skull
   991 | D        | Received a gift from Trog
  1304 | D        | Noticed a rime drake
  1304 | D        | Noticed a swamp dragon
  1309 | D        | Killed a rime drake
  1310 | D        | Reached skill level 15 in Axes
  1321 | D        | Killed a swamp dragon
  1322 | D        | Reached skill level 16 in Axes
  1322 | D        | Reached skill level 10 in Armour
  1322 | D        | Reached XP level 9. HP: 22/93 MP: 8/8
  1324 | D        | HP: 1/93 [poison (poison gas)]
  1325 | D        | Succumbed to poison (poison gas)

Illustrated notes

Levels and vault maps discovered:
D:        pitsprint [storerooms_1, entrance_room_1, metal_vault_1, armoury_2,
          mini_pit_1, grid_room_1, main_hall_1, silver_pit, the_coven_2,
          the_vestibule_1, steel_vault_1, golden_pit, hallway_of_sentries,
          crystal_vault_6, iron_vault_2, final_vault]

Skill      XL: |  1  2  3  4  5  6  7  8 |
---------------+-------------------------+-----
Fighting       | 6 7 8 9 11 12 13 | 13.5
Axes           | 6 7 9 10 12 13 16 | 16.1
Armour         | 3 4 5 6 8 10 | 10.5
Dodging        | 3 4 5 6 7 8 |  8.6
Stealth        | |  0.8

Action                   |  1- 3 |  4- 6 |  7- 9 || total
-------------------------+-------+-------+-------++-------
Melee: Hand axe          |    17 |    31 |       ||    48
       Headbutt          |     3 |     9 |     5 ||    17
       Punch             |     1 |       |       ||     1
       Battleaxe         |       |    22 |    27 ||    49
Invok: Berserk           |       |       |     2 ||     2
  Use: Potion            |       |     1 |     3 ||     4
Armor: Animal skin       |     3 |     1 |       ||     4
       Scale mail        |       |    26 |    28 ||    54
Dodge: Dodged            |    18 |    20 |    28 ||    66

Table legend: (Time is in decaauts)
 A = Elapsed time spent in this place.
 B = Non-inter-level travel time spent in this place.
 C = Inter-level travel time spent in this place.
 D = Time resting spent in this place.
 E = Time spent auto-exploring this place.
 F = Levels seen in this place.
 G = Mean time per level.
                   A        B        C        D        E       F      G
               +--------+--------+--------+--------+--------+-----+--------+
         Total |   1339 |   1339 |      0 |    871 |      0 |   1 | 1339.0 |
       Dungeon |   1339 |   1339 |      0 |    871 |      0 |   1 | 1339.0 |
               +--------+--------+--------+--------+--------+-----+--------+

Top non-repeatable levels by time:
       D: 1339 daAuts
